 Dungeon Crawl Stone Soup version 0.29.1-12-g30fa7ad0bf (webtiles) character file.

Game seed: 5258262640734880565

45 mortz the Trooper (level 3, -13/24 HPs)
             Began as a Gargoyle Abyssal Knight on Dec 30, 2022.
             Was a Believer of Lugonu.
             Mangled by an ogre
             ... wielding a +0 giant spiked club
              (30 damage)
             ... on level 2 of the Dungeon.
             The game lasted 00:06:54 (2194 turns).

mortz the Trooper (Gargoyle Abyssal Knight)         Turns: 2194, Time: 00:06:55

Health: -13/24     AC: 11    Str: 24    XL:     3   Next: 64%
Magic:  5/5        EV:  8    Int: 10    God:    Lugonu [**....]
Gold:   167        SH:  0    Dex: 10    Spells: 2/2 levels left

rFire   . . .      SeeInvis .   a - +2 mace
rCold   . . .      Faith    .   (no shield)
rNeg    + . .      Spirit   .   e - +0 chain mail
rPois   ∞          Reflect  .   (no helmet)
rElec   +          Harm     .   (no cloak)
rCorr   .          Rampage  .   (no gloves)
Will    .....                   (no boots)
Stlth   ..........              (no amulet)
HPRegen 0.08/turn               l - +6 ring of strength
MPRegen 0.09/turn               (no ring)

@: no status effects
A: sickness immunity, AC +3, negative energy resistance 1, electricity
resistance, torment resistance 1, petrification resistance
a: Renounce Religion, Depart the Abyss, Bend Space


You were on level 2 of the Dungeon.
You worshipped Lugonu.
Lugonu was pleased with you.
You visited 1 branch of the dungeon, and saw 3 of its levels.
You visited the Abyss 1 time.

You collected 167 gold pieces.

Inventory:

Hand Weapons
 a - a +2 mace (weapon)
 m - a +0 hand axe
Missiles
 c - 12 stones (quivered)
 h - a throwing net
Armour
 e - a +0 chain mail (worn)
 f - a +0 scale mail
Jewellery
 l - a +6 ring of strength (left hand)
Scrolls
 b - a scroll of magic mapping {unknown}
 d - a scroll of enchant armour {unknown}
 g - a scroll of enchant weapon
 i - 2 scrolls of noise {unknown}
 j - a scroll of blinking {unknown}
 p - a scroll of amnesia {unknown}
Potions
 k - a potion of heal wounds {unknown}
 n - a potion of mutation {unknown}
 o - 2 potions of degeneration {unknown}


   Skills:
 + Level 3.8 Fighting
 + Level 2.8 Maces & Flails
 - Level 2.1 Armour
 - Level 0.7 Dodging
 + Level 2.9 Invocations


You had 2 spell levels left.
You didn't know any spells.
Your spell library contained the following spells:

 Spells                   Type           Power      Damage    Failure   Level
 Magic Dart               Conj           0%         1d3       96%         1
 Slow                     Hex            0%         N/A       96%         1
 Searing Ray              Conj           0%         2d4       99%         2
 Confusing Touch          Hex            0%         N/A       100%        3
 Vampiric Draining        Necr           0%         2d6       100%        3
 Fulminant Prism          Conj/Hex       0%         3d6       100%        4
 Blade Hands              Tmut           0%         N/A       100%        5
 Irradiate                Conj/Tmut      0%         3d11      100%        5
 Dragon Form              Tmut           0%         N/A       100%        7


Dungeon Overview and Level Annotations

Branches:
Dungeon (3/15) Zot: 15780

Altars:

Shops:
D:2 [


Innate Abilities, Weirdness & Mutations

You are immune to sickness and miasma.
Your stone body is resilient. (AC +3)
You are immune to poison.
You resist negative energy. (rN+)
You are resistant to electric shocks. (rElec)
You are resistant to unholy torment.
You are immune to petrification.


Message History

There is a stone staircase leading up here.
You climb upwards.
There is a stone staircase leading down here.
There is a stone staircase leading down here.
You climb downwards.
Found 2 red potions.
There is a stone staircase leading up here.
You climb upwards.
There is a stone staircase leading down here.
There is a stone staircase leading up here.
There is a stone staircase leading down here.
You climb downwards.
The endoplasm quivers.
The orc shouts! x2; You hear a shout!
An orc comes into view. It is wielding a +0 flail.
You hear a shout!
Found a quarterstaff and a dazzling ring mail.
There is a stone staircase leading up here.
The endoplasm hits you.
You climb upwards.
There is a stone staircase leading down here.
You thump the endoplasm!
You kill the endoplasm!
Lugonu accepts your kill.
You start resting.
HP restored.
You climb downwards.
The ogre barely misses you. The orc hits you with a +0 flail.
The orc closely misses you. The orc hits you with a +0 hand axe.
There is a stone staircase leading up here.
The ogre barely misses you. The orc closely misses you.
The orc hits you with a +0 flail.
You climb upwards.
There is a stone staircase leading down here.
You hit the ogre.
The ogre is lightly wounded.
The orc completely misses you.
The ogre hits you with a +0 giant spiked club!!
Ouch! That really hurt!
You die...

#.# #.... #.#
#.### #.# #.#
######.# #.#
#......#######.#
#.######.......#
#o# #.####### #O#
#.# #@# #.# #o#
##.# #o# ##..# #.#
##..## ######
#.###...## #.....
#.##...>.####.####
#.#...#.......#
#.##......#####
#.###...#.#


You could see an ogre and 3 orcs.

Vanquished Creatures
  An adder (D:2)
  3 dart slugs (D:1)
  3 ball pythons (D:1)
  5 endoplasms
  2 giant cockroaches (D:1)
  5 goblins
  2 hobgoblins (D:1)
  2 quokkas
  2 frilled lizards (D:1)
  A kobold (D:1)
  A rat (D:1)
27 creatures vanquished.

Notes
Turn   | Place    | Note
-------+----------+-------------------------------------------
     0 | Abyss:1  | mortz the Gargoyle Abyssal Knight began the quest for the
                  | Orb.
     0 | Abyss:1  | Reached XP level 1. HP: 14/14 MP: 2/2
     1 | D:1      | Escaped the Abyss
   114 | D:1      | Reached XP level 2. HP: 11/19 MP: 3/3
   688 | D:1      | Reached XP level 3. HP: 24/24 MP: 4/4
  1569 | D:2      | Found Komintuf's Antique Armour Boutique.
  2169 | D:3      | Noticed an ogre
  2194 | D:2      | Mangled by an ogre

Illustrated notes

Levels and vault maps discovered:
D:1:      psy_arrival_statuary, layout_basic, serial_forest,
          infiniplex_forest_lined_ring, infiniplex_forest_lined_2,
          infiniplex_forest_end_3, infiniplex_forest_lined_corner,
          infiniplex_forest_lined_2, infiniplex_forest_clump_tiny,
          infiniplex_forest_straight_2, st_stairs_3
D:2:      layout_loops_ring, serial_shops, nicolae_shop_hallway_plus,
          minmay_misc_feat_cross
D:3:      layout_basic, mainiacjoe_overflow_six_doors_small,
          cheibrodos_ashenzari_chains

Action                   || total
-------------------------++-------
Melee: Mace              ||    83
Throw: Stone             ||     7
  Use: Scroll            ||     1
Armor: Leather armour    ||    11
       Chain mail        ||    40
Dodge: Dodged            ||    33
